 Dungeon Crawl Stone Soup version 0.31.0-32-g396128a36d (webtiles) character file.

Game seed: 7533753323801132379

69 Fractals the Shooter (level 4, -1/28 HPs)
             Began as a Kobold Hunter on Apr 19, 2024.
             Slain by a ribbon worm (6 damage)
             ... on level 2 of the Dungeon.
             The game lasted 00:02:05 (1204 turns).

Fractals the Shooter (Kobold Hunter)                Turns: 1204, Time: 00:02:06

Health: -1/28      AC:  5    Str: 10    XL:     4   Next: 42%
Magic:  4/4        EV: 14    Int: 10    God:
Gold:   28         SH:  0    Dex: 18    Spells: 3/3 levels left

rFire   . . .        a - +0 shortbow
rCold   . . .        (shield currently unavailable)
rNeg    . . .        c - +0 leather armour
rPois   .            (no helmet)
rElec   .            (no cloak)
rCorr   .            g - +1 pair of gloves
SInv    .            (no boots)
Will    .....        (no amulet)
Stlth   +++          (no ring)
HPRegen 0.24/turn    (no ring)
MPRegen 0.09/turn

%: no passive effects
@: no status effects
A: small, no large weapons, nightstalker 3
a: no special abilities


You were on level 2 of the Dungeon.
You visited 1 branch of the dungeon, and saw 2 of its levels.

You collected 28 gold pieces.

Inventory:

Hand Weapons
 a - a +0 shortbow (weapon)
 d - a +0 dagger of protection
Armour
 c - a +0 leather armour (worn)
 g - a +1 pair of gloves (worn)
Scrolls
 b - a scroll of butterflies
 e - a scroll of identify {unknown}
 f - a scroll of fear {unknown}
 h - a scroll of vulnerability {unknown}
Potions
 i - a potion of magic {unknown}


   Skills:
 + Level 3.3 Fighting
 - Level 6.0 Ranged Weapons
 - Level 2.4 Dodging
 + Level 3.4 Stealth


You had 3 spell levels left.
You didn't know any spells.
Your spell library contained the following spells:

 Spells                   Type           Power      Damage    Failure   Level
 Ensorcelled Hibernation  Hex/Ice        0%         N/A       61%         2
 Passwall                 Erth           0%         N/A       83%         3
 Swiftness                Air            0%         N/A       83%         3
 Leda's Liquefaction      Alch/Erth      0%         N/A       99%         4
 Lee's Rapid Deconstruct  Erth           0%         3d4*      100%        5
 Bombard                  Conj/Erth      0%         9d1       100%        6


Dungeon Overview and Level Annotations

Branches:
Dungeon (2/15)

Altars:


Innate Abilities, Weirdness & Mutations

You are small and have problems with some larger weapons.
You are completely attuned to the shadows.


Message History

The ribbon worm is heavily wounded.
The ribbon worm misses you.
You shoot an arrow.
The arrow barely misses the ribbon worm.
The ribbon worm bites you.
* * * LOW HITPOINT WARNING * * *
You shoot an arrow. The arrow hits the ribbon worm.
The ribbon worm is severely wounded.
The ribbon worm closely misses you.
You shoot an arrow.
The arrow completely misses the ribbon worm.
The ribbon worm expels a string of sticky webbing.
The stream of webbing misses you.
You shoot an arrow. The arrow hits the ribbon worm.
The ribbon worm is severely wounded.
You shoot an arrow.
The arrow hits the ribbon worm but does no damage.
The ribbon worm is severely wounded.
The ribbon worm misses you.
You shoot an arrow.
The arrow hits the ribbon worm but does no damage.
The ribbon worm is heavily wounded.
The ribbon worm bites you but does no damage.
You shoot an arrow.
The arrow hits the ribbon worm but does no damage.
The ribbon worm is heavily wounded.
The ribbon worm bites you.
* * * LOW HITPOINT WARNING * * *
You shoot an arrow.
The arrow barely misses the ribbon worm.
The ribbon worm barely misses you.
You shoot an arrow. The arrow hits the ribbon worm.
The ribbon worm is heavily wounded.
The ribbon worm expels a string of sticky webbing.
The stream of webbing hits you but does no damage.
You are caught in a web!
You struggle to detach yourself from the web.
The ribbon worm barely misses you.
The web tears apart.
The ribbon worm bites you.
You die...

#.#
.................##
#.#
.....###########.#
#.# .....<.... #.#
#.# #######..# #.#
#.# #...# .# #.#
#.# ###...#### #
... #.# .........
##.#########.......
#............!@w...
##############.....
#..... #.....
##.###


You could see a ribbon worm.

Vanquished Creatures
  Terence (D:2)
  A ribbon worm (D:2)
  2 bats (D:1)
  5 endoplasms
  7 giant cockroaches
  2 goblins (D:1)
  5 hobgoblins (D:1)
  3 ball pythons
  A frilled lizard (D:2)
  4 kobolds (D:1)
  7 rats
38 creatures vanquished.

Notes
Turn   | Place    | Note
-------+----------+-------------------------------------------
     0 | D:1      | Fractals the Kobold Hunter began the quest for the Orb.
     0 | D:1      | Reached XP level 1. HP: 12/12 MP: 1/1
   155 | D:1      | Reached XP level 2. HP: 18/18 MP: 2/2
   586 | D:1      | Reached XP level 3. HP: 22/22 MP: 3/3
   790 | D:2      | Noticed Terence
   797 | D:2      | Killed Terence
   798 | D:2      | Reached XP level 4. HP: 28/28 MP: 4/4
   800 | D:2      | Reached skill level 6 in Ranged Weapons
  1204 | D:2      | Slain by a ribbon worm

Illustrated notes

Levels and vault maps discovered:
D:1:      dpeg_arrival_snail, layout_basic
D:2:      layout_basic, shapermc_ecumenical_altar_petra, dk_noncrumbling_4,
          minmay_worlds_worst_comb, uniq_terence

Skill      XL: |  1  2  3  4 |
---------------+-------------+-----
Stealth        | 2 3 |  3.4
Fighting       | 3 |  3.3
Ranged Weapons | 6 |  6.0
Dodging        | |  2.4

Action                     |  1- 3 |  4- 6 || total
---------------------------+-------+-------++-------
   Fire: Shortbow          |    64 |    60 ||   124
 Armour: Leather armour    |     5 |    22 ||    27
  Dodge: Dodged            |    22 |    29 ||    51
